[Event "Czech Open Rapid G1 2024"]
[Site "Pardubice"]
[Date "2024.07.18"]
[Round "9.4"]
[White "Neuman, Petr"]
[Black "Kuegel, Tobias"]
[Result "1/2-1/2"]
[Annotator "TA"]
[ECO "B27"]
[WhiteElo "2441"]
[BlackElo "2416"]
[PlyCount "80"]
[EventDate "2024.07.16"]
[EventType "swiss"]
[EventCountry "CZE"]
[SourceTitle "playchess.com"]
[Source "ChessBase"]
[SourceQuality "1"]
[TimeControl "1200+10"]

1. e4 c5 2. Nc3 g6 3. d4 cxd4 4. Qxd4 Nf6 5. Nf3 Nc6 6. Qa4 d6 7. e5 dxe5 8. Nxe5 {[%emt 0:00:02][%cal Of1c4] next Bc4! is good for White.} Bg7 9. Bb5 O-O 10. Nxc6 bxc6 {[%emt 0:00:02] White has an edge.} 11. Bxc6 Rb8 12. O-O Qc7 13. Bf3 a5 14. Nb5 Qe5 15. c4 Ng4 16. Bxg4 (16. Qxa5 $2 Qxh2#) 16... Bxg4 17. Qxa5 Be6 {[%emt 0:01:08] A strong pair of Bishops.} 18. Re1 Qc5 19. Bf4 Ra8 (19... Rbd8 $5) 20. Qc7 Qxc4 21. Qxc4 Bxc4 22. Nc3 Bxc3 23. bxc3 Ra7 24. h3 Bxa2 {[%emt 0:00:32] The position is equal.} 25. Be3 Raa8 26. Bc5 Rfc8 27. Bxe7 Rxc3 28. Re2 Bd5 29. Rxa8+ Bxa8 $11 {[%emt 0:00:02][%mdl 4096] Endgame. KRB-KRB} 30. Bf6 Rc8 {[%emt 0:00:08] Repels Re8+} 31. Rd2 h6 32. Kh2 g5 33. g4 Kh7 34. Rd8 Rxd8 35. Bxd8 {[%emt 0:00:02] KB-KB} Kg6 36. Kg3 f5 37. f4 gxf4+ 38. Kxf4 fxg4 39. hxg4 h5 40. gxh5+ Kxh5 {[%emt 0:00:01] Weighted Error Value: White=0.03 (flawless) /Black=0.05 (flawless) .  Inaccurate:     	---       	Black=1      OK:         	White=14    	Black=13     Best:        	White=2     	Black=2} 1/2-1/2

[Event "Czech Open Rapid G1 2024"]
[Site "Pardubice"]
[Date "2024.07.18"]
[Round "9.5"]
[White "Johansson, Linus"]
[Black "Mica, Marek"]
[Result "1-0"]
[Annotator "TA"]
[ECO "D50"]
[WhiteElo "2451"]
[BlackElo "2375"]
[PlyCount "111"]
[EventDate "2024.07.16"]
[EventType "swiss"]
[EventCountry "CZE"]
[SourceTitle "playchess.com"]
[Source "ChessBase"]
[SourceQuality "1"]
[TimeControl "1200+10"]

1. d4 Nf6 2. c4 e6 3. Nc3 d5 4. Bg5 Bb4 5. e3 c5 6. cxd5 Qa5 {[%emt 0:00:16] Wards off Bb5+} 7. Bxf6 gxf6 ({Better is} 7... Bxc3+ $14 8. bxc3 Qxc3+ 9. Ke2 Qb2+ 10. Kf3 gxf6) 8. Nge2 $18 {[%emt 0:00:23] White is clearly better.} exd5 9. a3 Bxc3+ 10. Nxc3 Be6 11. Bb5+ Ke7 12. dxc5 {[%emt 0:00:12][%cal Oe3e4] Threatens to win with e4!} a6 13. b4 Qc7 14. Be2 (14. Nxd5+ Bxd5 15. Qxd5 axb5 16. Qe4+ Kf8 $17) 14... Rd8 15. O-O Nc6 16. Bf3 d4 17. Ne4 {[%emt 0:00:35] And now Nd6 would win.} a5 $2 (17... Bc4 18. Nd6 Bxf1) 18. b5 dxe3 {[%emt 0:00:28] [#]} 19. Qd6+ $3 Qxd6 20. cxd6+ Kf8 21. bxc6 exf2+ 22. Kxf2 bxc6 23. Rfd1 Rab8 24. Nc5 Rb2+ 25. Kg1 Rc2 26. Rac1 Rxc1 27. Nxe6+ fxe6 28. Rxc1 Rxd6 29. Rxc6 {[%emt 0:00:02][%mdl 4096] Endgame. KRB-KR} Rd3 30. a4 Ke7 31. Ra6 f5 32. Rxa5 Ra3 33. h4 Kf6 34. Ra6 Ke5 35. Kh2 h6 36. Bb7 Rc3 37. Rc6 Ra3 38. Bc8 Rxa4 39. Rxe6+ Kf4 40. Rxh6 Kg4 41. Rh8 (41. Bb7 $142 Kf4 42. Bf3 Rd4 43. h5 Ke5 44. Kg3 Rd8 45. Rg6 Rb8 46. h6) 41... Ra5 42. Bb7 Rb5 43. Bf3+ Kf4 44. h5 Kg5 45. Rg8+ Kh6 46. Rg6+ {[%emt 0:00:02] White mates.} Kh7 47. Kg3 Rb4 48. Rf6 Rb5 49. Kf4 Rc5 50. Rxf5 Rc4+ 51. Kg5 Rc7 52. Rb5 Rc8 53. Rb7+ Kh8 54. Ra7 Rc4 55. Kg6 Rc6+ 56. Bxc6 {[%emt 0:00:05] Black got outplayed after the opening.   Weighted Error Value: White=0.23 (precise) /Black=0.36.  Mistake:       	---       	Black=2      OK:         	White=13    	Black=12     Best:        	White=4     	---        Brilliant:      	White=1     	---} 1-0

[Event "Czech Open Rapid G1 2024"]
[Site "Pardubice"]
[Date "2024.07.18"]
[Round "9.6"]
[White "Konopka, Michal"]
[Black "Burdalev, Kirill"]
[Result "1/2-1/2"]
[Annotator "RC"]
[ECO "D23"]
[WhiteElo "2326"]
[BlackElo "2348"]
[PlyCount "82"]
[EventDate "2024.07.16"]
[EventType "swiss"]
[EventCountry "CZE"]
[SourceTitle "playchess.com"]
[Source "ChessBase"]
[SourceQuality "1"]
[TimeControl "1200+10"]

1. Nf3 d5 2. d4 Nf6 3. c4 c6 4. Qc2 dxc4 5. Qxc4 Bf5 6. g3 e6 7. Bg2 Be7 8. O-O O-O 9. e3 Nbd7 10. Nc3 b5 11. Qe2 b4 12. Na4 Qa5 13. b3 Qb5 14. Re1 Bd3 15. Qd1 Rad8 16. Nb2 Be4 17. Nc4 c5 18. Bb2 Qb7 19. Nh4 Bxg2 20. Nxg2 cxd4 21. Bxd4 e5 22. Bb2 Nc5 23. Qe2 Nd3 24. Red1 e4 25. Ne1 Nxb2 26. Qxb2 Nd5 27. Qc2 Bf6 28. Rac1 Nc3 29. Rxd8 Rxd8 30. a4 bxa3 31. Nxa3 Rb8 32. Nb1 Rc8 33. Nxc3 Rxc3 34. Qxc3 Bxc3 35. Rxc3 g6 36. Nc2 Qa6 37. Kg2 h5 38. h4 Kg7 39. Nd4 Qa5 40. Rc4 Qb6 41. b4 a6 1/2-1/2

[Event "Czech Open Rapid G1 2024"]
[Site "Pardubice"]
[Date "2024.07.18"]
[Round "9.7"]
[White "Prokofiev, Valentyn"]
[Black "Cerveny, Martin"]
[Result "1-0"]
[Annotator "RC"]
[ECO "A53"]
[WhiteElo "2337"]
[BlackElo "2325"]
[PlyCount "43"]
[EventDate "2024.07.16"]
[EventType "swiss"]
[EventCountry "CZE"]
[SourceTitle "playchess.com"]
[Source "ChessBase"]
[SourceQuality "1"]
[TimeControl "1200+10"]

1. Nf3 Nf6 2. c4 d6 3. d4 Bf5 4. d5 h6 5. Nc3 Nbd7 6. Nd4 Bh7 7. g3 a5 8. Bg2 Nc5 9. O-O Qd7 10. b3 e5 11. dxe6 fxe6 12. Ba3 e5 13. Bxc5 dxc5 14. Ndb5 e4 15. Qxd7+ Kxd7 16. Rad1+ Kc6 17. f3 Re8 18. fxe4 Re5 19. Rd8 Rg8 20. Rc8 Ne8 21. Rd1 b6 22. Rxe8 1-0

[Event "Czech Open Rapid G1 2024"]
[Site "Pardubice"]
[Date "2024.07.18"]
[Round "9.8"]
[White "Movsesian, Julia"]
[Black "Kusa, Jakub"]
[Result "1/2-1/2"]
[Annotator "TA"]
[ECO "C54"]
[WhiteElo "2202"]
[BlackElo "2423"]
[PlyCount "62"]
[EventDate "2024.07.16"]
[EventType "swiss"]
[EventCountry "CZE"]
[SourceTitle "playchess.com"]
[Source "ChessBase"]
[SourceQuality "1"]
[TimeControl "1200+10"]

1. e4 e5 2. Nf3 Nc6 3. Bc4 Bc5 4. c3 Nf6 5. d3 d6 6. O-O a5 7. a4 h6 8. Nbd2 O-O 9. Bb3 Be6 10. Nc4 Ba7 11. Be3 Qd7 12. Bxa7 Rxa7 13. Re1 Ne7 14. d4 Bxc4 15. Bxc4 Ng6 16. dxe5 dxe5 17. Qxd7 Nxd7 18. Rad1 Nb6 19. Bb3 Raa8 20. Rd2 Rfd8 21. Red1 Rxd2 22. Rxd2 Kf8 23. h4 f6 24. g3 h5 25. Ne1 Ne7 (25... Ke7 $11) 26. Nc2 Nc6 {[%emt 0:00:31] The position is equal.} 27. Ne3 Rd8 28. Rxd8+ Nxd8 29. Nd5 Nxd5 30. Bxd5 Ke7 31. Kf1 c6 {[%emt 0:00:28] Weighted Error Value: White=0.08 (flawless) /Black=0.11 (very precise) .  Mistake:       	---       	Black=1      Inaccurate:     	White=2     	Black=2      OK:         	White=9     	Black=12} 1/2-1/2

[Event "Czech Open Rapid G1 2024"]
[Site "Pardubice"]
[Date "2024.07.18"]
[Round "9.9"]
[White "Karvatskyi, Oleksii"]
[Black "Abdulov, Orkhan"]
[Result "0-1"]
[Annotator "RC"]
[ECO "B76"]
[WhiteElo "1990"]
[BlackElo "2382"]
[PlyCount "102"]
[EventDate "2024.07.16"]
[EventType "swiss"]
[EventCountry "CZE"]
[SourceTitle "playchess.com"]
[Source "ChessBase"]
[SourceQuality "1"]
[TimeControl "1200+10"]

1. d4 g6 2. Nc3 Bg7 3. e4 c5 4. Nf3 cxd4 5. Nxd4 Nc6 6. Be3 d6 7. f3 Nf6 8. Qd2 O-O 9. g4 h5 10. h3 Qa5 11. O-O-O Rb8 12. Kb1 Kh7 13. f4 Nxd4 14. Bxd4 e5 15. Be3 exf4 16. Bxf4 Be6 17. a3 Qb6 18. Qxd6 Rbd8 19. Qxb6 Rxd1+ 20. Nxd1 axb6 21. Bd3 hxg4 22. hxg4+ Kg8 23. g5 Ng4 24. Bd6 Rc8 25. Re1 Ne5 26. Bxe5 Bxe5 27. Ne3 Bf4 28. Nd5 Bxg5 29. Nxb6 Rd8 30. Rd1 Be3 31. Na4 g5 32. Re1 Bd4 33. Nc3 g4 34. Ne2 Be3 35. Rh1 Kg7 36. Ng3 Bf2 37. Nh5+ Kg6 38. Kc1 Kg5 39. Ng7 g3 40. Nxe6+ fxe6 41. Rh7 Kg6 42. Rh4 Kg5 43. Rh7 Bd4 44. e5 Bxe5 45. Be4 b6 46. b4 Kf4 47. Bc6 Ke3 48. a4 Bc3 49. b5 Rd4 50. Re7 Rxa4 51. Rxe6+ Kf2 0-1

[Event "Czech Open Rapid G1 2024"]
[Site "Pardubice"]
[Date "2024.07.18"]
[Round "9.10"]
[White "Stocek, Jiri"]
[Black "Fishchuk, Vladyslav"]
[Result "1-0"]
[Annotator "TA"]
[ECO "A22"]
[WhiteElo "2524"]
[BlackElo "2234"]
[PlyCount "47"]
[EventDate "2024.07.16"]
[EventType "swiss"]
[EventCountry "CZE"]
[SourceTitle "playchess.com"]
[Source "ChessBase"]
[SourceQuality "1"]
[TimeControl "1200+10"]

1. c4 e5 2. Nc3 Nf6 3. Nf3 e4 4. Ng5 c6 5. d3 exd3 6. e4 Bb4 7. Bxd3 {[%emt 0:00:05] Black must now prevent e5.} d6 8. Bd2 {[%emt 0:00:45] The position is equal.} O-O 9. O-O Nbd7 10. Na4 Bxd2 11. Qxd2 Re8 12. Rae1 Ne5 {[%emt 0:01:23] Threatens to win with ...h6.} 13. f4 Ng6 (13... Nxd3 $5 14. Qxd3 h6 $11) 14. Nc3 a6 15. Bb1 {[%emt 0:00:46][%cal Oe4e5] And now e5! would win.} b5 $2 {[%emt 0:00:27] [#]} (15... h6 $11 {and Black is okay.} 16. Nf3 Bg4) 16. e5 $1 $18 Qb6+ (16... Nh5 $142 17. Bxg6 (17. exd6 Rxe1 18. Qxe1 Qxd6 $16) (17. Qxd6 Qxd6 18. exd6 Rxe1 $16) 17... hxg6) (16... dxe5 17. Qxd8) 17. Kh1 dxe5 18. fxe5 (18. Bxg6 hxg6 19. fxe5 Ng4 $16) 18... Nxe5 {[%emt 0:00:52] [#]} 19. Rxf6 $2 $40 {[%emt 0:00:38][%mdl 128] White is up to no good.} gxf6 $11 20. Nxh7 Kg7 {[%emt 0:00:29][%mdl 8192] [#]} (20... bxc4 21. Nxf6+ (21. Qh6 Qf2 $18) 21... Kf8 22. Qd6+ (22. Nxe8 Ng4 $18) (22. Qh6+ Ke7 23. Rxe5+ Be6 24. Rxe6+ Kxe6 25. Nfd5+ Kd7 26. Bf5+ Re6 27. Bxe6+ fxe6) 22... Re7 23. Rxe5) (20... Qd8 $11 21. Qh6 Ng4 22. Nxf6+ Nxf6 23. Qg5+ Kf8 24. Qh6+ Kg8 25. Qg5+ Kf8 26. Qh6+ Kg8) 21. Ne4 $2 (21. Nxf6 $1 Re6 (21... Kxf6 22. Qh6+) 22. Nce4 (22. Qg5+ Ng6 $18)) 21... Bf5 $2 ({Worse is} 21... Kxh7 22. Nxf6+ Kg7 23. Nxe8+ Kf8 24. Qd6+ (24. Rxe5 c5 $18) 24... Kxe8 25. Rxe5+ (25. Qxe5+ Be6 $18) 25... Be6 26. Rxe6+ fxe6 27. Bg6#) (21... Nxc4 $2 22. Qf4 (22. Qc3 Re5 $18) 22... Qd8 23. Qg3+ $18 (23. Nhxf6 Re5 $18) (23. Nhxf6 Re5 $18)) (21... Ng6) 22. Nhxf6 $18 {[%emt 0:00:16] Intending Nh5+ and mate.} Ng6 (22... Re6 $142 23. Nh5+ Kf8) 23. Nh5+ {[%emt 0:00:24] Excellent horsemanship.} Kh7 24. Nef6+ {[%emt 0:00:04] Weighted Error Value: White=0.52/Black=0.81.  Loses game:     	---       	Black=1      Missed win:     	White=1     	---        Mistake:       	White=1     	Black=4      Inaccurate:     	---       	Black=3      OK:         	White=5     	Black=4      Best:        	White=2     	---        Brilliant:      	White=1     	---} 1-0

[Event "Czech Open Rapid G1 2024"]
[Site "Pardubice"]
[Date "2024.07.18"]
[Round "9.11"]
[White "Bouska, Jiri"]
[Black "Jirka, Jiri"]
[Result "0-1"]
[Annotator "TA"]
[ECO "C60"]
[WhiteElo "2222"]
[BlackElo "2387"]
[PlyCount "100"]
[EventDate "2024.07.16"]
[EventType "swiss"]
[EventCountry "CZE"]
[SourceTitle "playchess.com"]
[Source "ChessBase"]
[SourceQuality "1"]
[TimeControl "1200+10"]

1. e4 e5 2. Nf3 Nc6 3. Bb5 a6 4. Ba4 Nge7 5. O-O g6 6. c3 Bg7 7. d4 exd4 8. cxd4 b5 9. Bc2 O-O 10. Nc3 d6 {[%emt 0:00:36] The position is equal.} 11. h3 {[%emt 0:00:15] Repels Bg4} Na5 12. Re1 c5 13. dxc5 dxc5 14. Qxd8 Rxd8 15. Be3 Nb7 (15... Nec6 $11) 16. Bg5 $14 f6 17. Bf4 Be6 18. Rad1 Nc6 19. a3 Rxd1 20. Rxd1 Rd8 21. Rxd8+ Ncxd8 22. Kf1 Nf7 23. Ke1 Nfd6 24. b3 f5 25. e5 ({Better is} 25. Be5 $15) 25... Nf7 26. Nb1 ({White should play} 26. a4 $1 $15) 26... Na5 27. Nbd2 Nc6 28. Be3 c4 (28... Nfxe5 29. Nxe5 Bxe5 30. Bxc5 $15) (28... Ncxe5 29. Bxc5 Bd5 30. Nxe5 Nxe5 31. g4 fxg4 32. hxg4 $17) 29. bxc4 bxc4 ({Reject} 29... Nfxe5 $6 30. Nxe5 Bxe5 31. cxb5 axb5 32. Bc5 $15) 30. Ke2 (30. Nd4 $142 Nxd4 (30... Ncxe5 $2 {is the wrong capture.} 31. Nxe6 c3 32. Nb1 $18) 31. Bxd4) 30... Nfxe5 31. Nxe5 Bxe5 ({But not} 31... Nxe5 32. Bd4 $17) 32. Nf3 Bb2 33. Bc5 Bd5 34. Ba4 Ne5 (34... Na5 $19 35. Bb4 Nb3) 35. Nxe5 $17 Bxe5 {[%emt 0:00:02][%mdl 4096] Endgame. KBB-KBB} 36. f3 Kf7 {[%emt 0:00:02] Black is more active.} 37. Kd2 Kf6 38. Bd7 Kg5 39. Bc8 (39. Bf2 $17 {was necessary.}) 39... a5 {[%emt 0:00:04] ...Kf4 would now be deadly.} 40. Bb6 $2 (40. Be3+ f4 41. Bc5) 40... a4 41. Bd7 $2 (41. Be3+ f4 42. Bc5) 41... c3+ $19 42. Kd3 Bb3 43. Be3+ f4 44. Bc1 Kh4 45. Ke4 Bd6 46. Kd4 c2 47. Kd3 Kg3 {[%emt 0:00:03][%cal Od6c5] [#] ...Bc5! is the strong threat.} 48. Ke2 Kxg2 {[%emt 0:00:05] And now ...Bc5 would win.} 49. h4 Bc5 50. Bc8 {[%emt 0:00:15] [#]} Be3 $1 {[%emt 0:00:05] Weighted Error Value: White=0.75/Black=0.26 (precise) .  Mistake:       	White=6     	Black=2      Inaccurate:     	White=2     	Black=2      OK:         	White=14    	Black=11     Best:        	---       	Black=1} 0-1

[Event "Czech Open Rapid G1 2024"]
[Site "Pardubice"]
[Date "2024.07.18"]
[Round "9.12"]
[White "Dolensky, Filip"]
[Black "Lalic, Bogdan"]
[Result "1/2-1/2"]
[Annotator "RC"]
[ECO "B13"]
[WhiteElo "2085"]
[BlackElo "2348"]
[PlyCount "28"]
[EventDate "2024.07.16"]
[EventType "swiss"]
[EventCountry "CZE"]
[SourceTitle "playchess.com"]
[Source "ChessBase"]
[SourceQuality "1"]
[TimeControl "1200+10"]

1. e4 c6 2. d4 d5 3. exd5 cxd5 4. Bd3 Nc6 5. c3 Nf6 6. Bf4 Bg4 7. Qb3 e5 8. h3 Na5 9. Qc2 exf4 10. hxg4 Nxg4 11. Qe2+ Qe7 12. Nh3 g6 13. Nxf4 O-O-O 14. Qxe7 Bxe7 1/2-1/2

[Event "Czech Open Rapid G1 2024"]
[Site "Pardubice"]
[Date "2024.07.18"]
[Round "9.13"]
[White "Rasik, Vitezslav"]
[Black "Garsky, Vladyslav"]
[Result "1-0"]
[Annotator "TA"]
[ECO "B14"]
[WhiteElo "2415"]
[BlackElo "2137"]
[PlyCount "59"]
[EventDate "2024.07.16"]
[EventType "swiss"]
[EventCountry "CZE"]
[SourceTitle "playchess.com"]
[Source "ChessBase"]
[SourceQuality "1"]
[TimeControl "1200+10"]

1. e4 c6 2. c4 d5 3. cxd5 cxd5 4. exd5 Nf6 5. Bb5+ Nbd7 6. Nc3 g6 7. d4 Bg7 8. d6 exd6 9. Qe2+ Qe7 10. Bf4 d5 11. Bd6 {[%emt 0:01:03][%csl Gd6][%cal Re2e7] [#]} Qxe2+ 12. Ngxe2 {[%emt 0:00:11] Strongly threatening Nf4.} a6 13. Ba4 {[%emt 0:01:37] White is slightly better.} b5 14. Bb3 Bb7 15. a4 bxa4 (15... Bf8 $14 {is superior.} 16. Bxf8 Kxf8) 16. Bxa4 $16 Bf8 {[%emt 0:00:26] Black is weak on the dark squares} 17. Be5 {[%emt 0:02:05] White is much more active. The black rooks are passive.} Bg7 18. Bxd7+ Kxd7 19. Nf4 ({White should play} 19. Na4 $16 {aiming for Nb6+.} Ke7 20. Nb6) 19... Nh5 20. Bxg7 (20. Ncxd5 $2 {perishes.} Nxf4 21. Nb6+ (21. Nxf4 $2 {is the wrong capture.} f6 $19) 21... Kc6 22. Nxa8 Bxe5 (22... Nxg2+ 23. Kf1 $11) 23. dxe5 Rxa8 $19 (23... Bxa8 24. Rxa6+ Kb5 25. Rf6 $17)) (20. Nxh5 {simplifies} Bxe5 21. dxe5 gxh5 22. O-O) 20... Nxg7 21. Nfxd5 Kd6 (21... Bxd5 $14 22. Nxd5 Rhe8+ 23. Kd2 Reb8) 22. Ne3 {[%emt 0:00:12] Excellent horsemanship.} Rac8 23. O-O f5 (23... Rhd8 $16 {was necessary.} 24. Rfd1 Ke7) 24. Ra4 {[%emt 0:00:34] Nc4+ is the strong threat.} Ne6 (24... Rhd8 $16 25. d5 Nh5) 25. Nc4+ $18 Ke7 $2 (25... Kc7 26. Rd1 Rcd8) 26. Re1 Rhd8 {[%emt 0:00:08] [#]} 27. d5 Bxd5 (27... Rxc4 28. Rxc4) 28. Nb6 Bc6 (28... Rxc3 {was worth a try.} 29. bxc3 Bb7) 29. Nxc8+ Rxc8 30. Rxa6 {[%emt 0:00:02] Weighted Error Value: White=0.17 (very precise) /Black=0.42.  Mistake:       	White=1     	Black=6      Inaccurate:     	White=1     	Black=3      OK:         	White=7     	Black=3      Best:        	White=3     	Black=1} 1-0

[Event "Czech Open Rapid G1 2024"]
[Site "Pardubice"]
[Date "2024.07.18"]
[Round "9.14"]
[White "Bures, Jaroslav"]
[Black "Kroulik, Vaclav"]
[Result "1-0"]
[Annotator "TA"]
[ECO "B66"]
[WhiteElo "2418"]
[BlackElo "1976"]
[PlyCount "104"]
[EventDate "2024.07.16"]
[EventType "swiss"]
[EventCountry "CZE"]
[SourceTitle "playchess.com"]
[Source "ChessBase"]
[SourceQuality "1"]
[TimeControl "1200+10"]

1. e4 c5 2. Nf3 d6 3. d4 cxd4 4. Nxd4 Nf6 5. Nc3 Nc6 6. Bg5 e6 7. Qd2 a6 8. O-O-O h6 9. Bf4 Bd7 10. Nxc6 Bxc6 11. Qe3 (11. Qe1 $5) 11... Qc7 12. Be2 {[%emt 0:00:18][%cal Oc3d5] Prevents Nh5} Be7 13. Rd2 (13. e5 $11 dxe5 14. Bxe5) 13... e5 {[%emt 0:00:32] Black is slightly better.} 14. Bg3 O-O 15. f4 Nd7 ({Black should try} 15... Rfe8 $15) 16. Rhd1 b5 17. Kb1 b4 18. Nd5 Bxd5 19. Rxd5 Nb6 20. R5d2 Rfd8 (20... a5 $11) 21. Rc1 $2 (21. fxe5 $16 dxe5 22. Rxd8+ Rxd8 23. Rxd8+ Qxd8 24. Bh5 (24. Bxe5 Nd7 $16)) 21... Nc4 (21... Na4 $15) 22. Bxc4 $14 Qxc4 23. fxe5 (23. Rd5 {simplifies} Bf6 24. Qd3 Qc7 25. h3) 23... Bg5 24. Bf4 dxe5 25. Rxd8+ Rxd8 (25... Bxd8 {keeps more tension.} 26. Bxe5 Bg5 27. Bf4 Bxf4 28. Qxf4 Rd8) 26. Bxg5 hxg5 27. Qxg5 $11 {[%emt 0:00:08][%mdl 4096] Endgame. KQR-KQR} Rd4 (27... f6 $11 28. Qg4 Rd2) 28. Qxe5 $14 {[%emt 0:00:25] b3 would now be deadly.} Rxe4 29. Qb8+ Kh7 30. Qg3 Re2 31. Qf3 g6 32. a3 bxa3 33. Qxa3 Kg8 34. Qf3 Rd2 35. b3 Qc5 {[%emt 0:00:31] Black is now going downhill.} 36. h4 a5 37. g4 Rf2 {[%emt 0:00:28] [#]} 38. Qe4 Qc7 (38... Qb4 $16 {was called for.} 39. Qe3 Qf4) 39. h5 $18 Rf4 $2 (39... Qf4 40. Qa8+ Kg7) 40. Qe8+ Kg7 41. hxg6 fxg6 42. Re1 {[%emt 0:00:18] [#] And now Re7+ would win.} Qc3 (42... Qd6 $142 43. g5 Rf8 44. Qe5+ Qxe5 45. Rxe5 Kf7) 43. g5 {[%emt 0:00:54] White threatens Re7+ and mate.} Rf7 44. Rh1 Rc7 45. Qh8+ Kf7 46. Rf1+ Ke6 47. Qe8+ Kd5 48. Qxg6 a4 49. Qf5+ (49. bxa4 Rb7+) 49... Kc6 50. Qf6+ (50. bxa4 $2 {is the wrong capture.} Rb7+ $19) (50. Qe4+ $142 Kd6 51. Rf6+ (51. bxa4 Kc5 $18) (51. Rf3 Qxf3 52. Qxf3 a3 $18) 51... Qxf6 52. gxf6 axb3 53. Qd4+ (53. cxb3 Rf7 $18) 53... Kc6 54. Qc3+ (54. cxb3 Rd7 55. Qf4 Rd1+ 56. Kb2 Rd8 57. f7 Rc8 58. f8=R Rxf8 59. Qxf8 Kd7) 54... Kd6 55. Qxb3) 50... Qxf6 {[%emt 0:00:09] White is clearly winning.} 51. gxf6 {[%emt 0:00:37] Intending f7 and mate.} Rf7 52. bxa4 Kd5 {[%emt 0:00:23] Weighted Error Value: White=0.15 (very precise) /Black=0.45.  Mistake:       	White=2     	Black=7      Inaccurate:     	White=2     	Black=3      OK:         	White=13    	Black=10     Best:        	White=3     	Black=3} 1-0

[Event "Czech Open Rapid G1 2024"]
[Site "Pardubice"]
[Date "2024.07.18"]
[Round "9.15"]
[White "Ocelak, Jakub"]
[Black "Dobrowolski, Piotr"]
[Result "0-1"]
[Annotator "RC"]
[ECO "D02"]
[WhiteElo "2206"]
[BlackElo "2412"]
[PlyCount "116"]
[EventDate "2024.07.16"]
[EventType "swiss"]
[EventCountry "CZE"]
[SourceTitle "playchess.com"]
[Source "ChessBase"]
[SourceQuality "1"]
[TimeControl "1200+10"]

1. d4 e6 2. Nf3 c5 3. c3 Nf6 4. Bf4 d5 5. e3 Bd6 6. Bg3 O-O 7. Nbd2 Qc7 8. Bd3 Nbd7 9. O-O e5 10. e4 exd4 11. cxd4 Bxg3 12. hxg3 c4 13. Bc2 dxe4 14. Bxe4 Nb6 15. Rc1 Nxe4 16. Nxe4 Rd8 17. Qc2 h6 18. Nc5 Nd5 19. Rfe1 b6 20. Ne4 Ba6 21. a3 Rac8 22. Ne5 Ne7 23. Rcd1 f6 24. Nf3 Bb7 25. Nc3 Qd7 26. Nh4 Re8 27. Qd2 g5 28. Nf3 Nd5 29. Rxe8+ Rxe8 30. Re1 Re6 31. Kf1 Kg7 32. Rxe6 Qxe6 33. Qe2 Qxe2+ 34. Kxe2 Bc6 35. Nd2 Kf7 36. f3 Ke6 37. Nde4 h5 38. Nxd5 Bxd5 39. Nc3 Bc6 40. Ke3 a6 41. Ne4 Bd5 42. Nc3 Bc6 43. Ne4 a5 44. Nd2 Kd5 45. Ne4 Ke6 46. Nd2 Bd5 47. Ne4 b5 48. Nc3 b4 49. axb4 axb4 50. Na2 c3 51. Nxc3 bxc3 52. bxc3 Bc4 53. g4 hxg4 54. fxg4 Bd5 55. g3 Bc4 56. Kf3 Kd5 57. Ke3 Bb5 58. Kf3 Bd7 0-1

[Event "Czech Open Rapid G1 2024"]
[Site "Pardubice"]
[Date "2024.07.18"]
[Round "9.16"]
[White "Kastner, Oldrich"]
[Black "Jares, Michal"]
[Result "0-1"]
[Annotator "RC"]
[ECO "A47"]
[WhiteElo "2004"]
[BlackElo "2382"]
[PlyCount "36"]
[EventDate "2024.07.16"]
[EventType "swiss"]
[EventCountry "CZE"]
[SourceTitle "playchess.com"]
[Source "ChessBase"]
[SourceQuality "1"]
[TimeControl "1200+10"]

1. d4 Nf6 2. Nf3 e6 3. Bf4 b6 4. e3 Bb7 5. Bd3 d5 6. Nc3 Bd6 7. Bg3 Bxg3 8. hxg3 Nbd7 9. Ne2 Qe7 10. Nf4 Qb4+ 11. Kf1 Qxb2 12. a3 Qc3 13. g4 Ne4 14. Kg1 Qc6 15. Ne5 Nxe5 16. dxe5 Qc3 17. f3 Nc5 18. Bxh7 Qxe3+ 0-1

[Event "Czech Open Rapid G1 2024"]
[Site "Pardubice"]
[Date "2024.07.18"]
[Round "9.18"]
[White "Tyshniuk, Roman"]
[Black "Seger, Ruediger"]
[Result "0-1"]
[Annotator "RC"]
[ECO "D98"]
[WhiteElo "1903"]
[BlackElo "2264"]
[PlyCount "72"]
[EventDate "2024.07.16"]
[EventType "swiss"]
[EventCountry "CZE"]
[SourceTitle "playchess.com"]
[Source "ChessBase"]
[SourceQuality "1"]
[TimeControl "1200+10"]

1. d4 Nf6 2. c4 g6 3. Nc3 d5 4. Nf3 Bg7 5. Qb3 dxc4 6. Qxc4 O-O 7. e4 Nc6 8. Be2 Bg4 9. Be3 Bxf3 10. Bxf3 e5 11. d5 Nd4 12. Bd1 c6 13. dxc6 bxc6 14. O-O Rb8 15. b4 a5 16. a3 axb4 17. axb4 Qe7 18. Rb1 Rfd8 19. f4 Nd7 20. f5 Nb6 21. Qa2 Ra8 22. Qf2 Nc4 23. Bc1 Rd6 24. b5 cxb5 25. Nxb5 Rb6 26. Nc3 Rxb1 27. Nxb1 Ra1 28. Be2 Nxe2+ 29. Qxe2 Qc5+ 30. Kh1 Rxb1 31. fxg6 hxg6 32. Qa2 Qb5 33. h4 Nd6 34. Rg1 Qb7 35. Re1 Nxe4 36. h5 Ng3+ 0-1

[Event "Czech Open Rapid G1 2024"]
[Site "Pardubice"]
[Date "2024.07.18"]
[Round "9.19"]
[White "Krak, Tomas"]
[Black "Kopriva, Martin"]
[Result "1/2-1/2"]
[Annotator "RC"]
[ECO "B38"]
[WhiteElo "2229"]
[BlackElo "2159"]
[PlyCount "108"]
[EventDate "2024.07.16"]
[EventType "swiss"]
[EventCountry "CZE"]
[SourceTitle "playchess.com"]
[Source "ChessBase"]
[SourceQuality "1"]
[TimeControl "1200+10"]

1. Nf3 g6 2. c4 Bg7 3. Nc3 d6 4. d4 Nf6 5. e4 O-O 6. Be2 c5 7. O-O cxd4 8. Nxd4 Nc6 9. Be3 Bd7 10. Qd2 Nxd4 11. Bxd4 Bc6 12. f3 a5 13. b3 Nd7 14. Be3 Nc5 15. Rab1 e6 16. Rfd1 Be5 17. g3 f5 18. exf5 gxf5 19. Nb5 Bxb5 20. cxb5 Qe7 21. Bc4 Rad8 22. f4 Ne4 23. Qxa5 Bf6 24. Qe1 d5 25. Bd3 Nc3 26. Bb6 Nxd1 27. Rxd1 Rc8 28. Ba5 Qc5+ 29. Kh1 Rfe8 30. Bb4 Bc3 31. Bxc5 Bxe1 32. Rxe1 Rxc5 33. Bxf5 Kf7 34. Bd3 Rec8 35. Kg2 Rc1 36. Re2 h6 37. f5 exf5 38. Bxf5 Rd8 39. Rd2 Kf6 40. Bd3 Ke5 41. a4 Kd4 42. Bc4+ Kc5 43. a5 dxc4 44. Rxd8 Rc2+ 45. Kh3 cxb3 46. a6 Kb6 47. axb7 Kxb7 48. Rd3 b2 49. Rb3 h5 50. b6 Rd2 51. Kh4 Rxh2+ 52. Kg5 Rg2 53. Kxh5 Rxg3 54. Rxb2 Rc3 1/2-1/2